 Dungeon Crawl Stone Soup version 0.22-a0-433-gd2a9cce (webtiles) character file.

126 KristoblXynda the Conjurer (level 4, 0/33 HPs)
             Began as a Draconian Conjurer on May 27, 2018.
             Slain by Purgy (4 damage)
             ... in a sewer.
             The game lasted 00:05:35 (2274 turns).

KristoblXynda the Conjurer (Draconian Conjurer)     Turns: 2274, Time: 00:05:36

Health: 0/33       AC:  5    Str:  8 (10) XL:     4   Next: 84%
Magic:  9/18       EV: 12    Int: 18 (19) God:
Gold:   128        SH:  0    Dex:  8 (11) Spells: 6/10 levels left

rFire    . . .     SeeInvis .   a - +0 whip
rCold    . . .     Gourm    .   (no shield)
rNeg     . . .     Faith    .   (armour unavailable)
rPois    .         Spirit   .   (helmet restricted)
rElec    .         Reflect  .   (no cloak)
rCorr    .         Harm     .   (no gloves)
MR       .....                  (no boots)
Stlth    +.........             o - amulet of the acrobat
HPRegen  0.11/turn              c - ring of magical power
MPRegen  0.16/turn              i - +2 ring of intelligence

@: very slow
A: unfitting armour, cold-blooded, AC +5
a: no special abilities


You were in a sewer.
You were not hungry.

You visited 1 branch of the dungeon, and saw 3 of its levels.
You also visited: Sewer.

You collected 128 gold pieces.

Inventory:

Hand Weapons
 a - a +0 whip (weapon)
Jewellery
 c - a ring of magical power (left hand)
 i - a +2 ring of intelligence (right hand)
 k - an uncursed ring of see invisible
 o - an amulet of the acrobat (around neck)
Scrolls
 f - 2 scrolls of teleportation
 h - 2 scrolls of magic mapping
 j - 2 scrolls of identify
 m - a scroll of fear {unknown}
 n - a scroll of enchant armour {unknown}
Comestibles
 b - 3 rations


   Skills:
 - Level 1.7 Dodging
 - Level 1.7 Stealth
 + Level 3.6 Spellcasting
 + Level 5.2 Conjurations


You had 6 spell levels left.
You knew the following spells:

 Your Spells              Type           Power        Failure   Level  Hunger
a - Magic Dart            Conj           ###.         1%          1    None
b - Dazzling Spray        Conj/Hex       ##....       16%         3    ###....

Your spell library contained the following spells:

 Spells                   Type           Power        Failure   Level  Hunger
 Iskenderun's Mystic Bla  Conj           ###.....     19%         4    ####...
 Fulminant Prism          Conj/Hex       ##........   45%         4    ####...
 Force Lance              Conj/Tloc      ##......     45%         4    ####...
 Searing Ray              Conj           ###...       2%          2    ##.....


Dungeon Overview and Level Annotations

Branches:
Dungeon (3/15)

Altars:

Annotations:
Sewer Purgy


Innate Abilities, Weirdness & Mutations

Your plain brown scales are hard. (AC +5)
You cannot fit into any form of body armour.
You are cold-blooded and may be slowed by cold attacks.


Message History

Purgy is lightly wounded.
Casting: Magic Dart (safe; 1% risk of failure)
Confirm with . or Enter, or press ? or * to list all spells.
Okay, then.
You aren't carrying any potions.
Unknown command.
As you read the scroll labeled GACSIO RUGES, it crumbles to dust.
It is a scroll of identify.
o - an uncursed amulet of the acrobat Put on which piece of jewellery? (? for menu, Esc to quit)
Your injuries prevent the amulet from attuning itself.
o - an amulet of the acrobat (around neck)
You enter the shallow water.
Moving in this stuff is going to be slow.
There is a gate leading back out of this place here.
There is an empty arch of ancient stone here.
You enter the shallow water.
Moving in this stuff is going to be slow.
Purgy closely misses you. Purgy claws you.
You die...

≈≈≈.##
####.≈≈≈≈≈≈≈≈≈≈##
≈≈#
##≈..≈≈≈≈≈≈≈≈# .
##.#≈≈≈≈≈≈≈≈##
###..≈≈≈≈≈≈≈#
##..≈≈≈≈≈##
#.≈≈≈≈≈##
##.≈≈≈≈≈###
#.≈≈≈≈≈≈≈≈#
##@≈≈≈≈≈≈≈≈#
#T≈≈≈≈≈≈≈≈≈#
#∩≈≈≈≈≈≈≈≈≈#
##≈≈≈≈≈≈≈≈≈#
##≈≈≈≈≈≈≈##
###.≈≈≈≈≈≈### #
#≈T≈≈≈≈≈≈≈≈≈# .#
#.#≈≈≈≈≈≈≈≈≈≈≈#
.≈##
##≈.≈≈≈≈≈≈≈≈≈≈##


You could see Purgy (inner flame).

Vanquished Creatures
  8 adders
  An ooze (D:1)
  A dart slug (D:1)
  4 giant cockroaches
  5 goblins
  6 hobgoblins
  6 kobolds
  A ball python (D:1)
  8 bats
  7 frilled lizards
  5 rats
52 creatures vanquished.

Notes
Turn   | Place    | Note
-------+----------+-------------------------------------------
     0 | D:1      | KristoblXynda the Draconian Conjurer began the quest for the Orb.
     0 | D:1      | Reached XP level 1. HP: 14/14 MP: 3/3
   433 | D:1      | Reached XP level 2. HP: 20/20 MP: 5/5
   654 | D:1      | Reached XP level 3. HP: 26/26 MP: 6/7
  1340 | D:2      | Reached XP level 4. HP: 32/33 MP: 8/8
  1782 | D:3      | Found a glowing drain.
  1791 | D:3      | Learned a level 3 spell: Dazzling Spray
  1818 | D:3      | Reached skill level 5 in Conjurations
  1842 | Sewer    | Entered a sewer
  1975 | Sewer    | Noticed Purgy
  2274 | Sewer    | Slain by Purgy

Vault maps used:
D:1:      lemuel_arrival_broad_hall, minmay_bisected
D:3:      minmay_overflow_temple_hex, lemuel_round_altar, lemuel_doored_altar,
          first_ration, gup_sewer_entry_glass
Sewer:    sewer_co_purgy_island

Skill      XL: |  1  2  3  4 |
---------------+-------------+-----
Spellcasting   | 3 |  3.6
Conjurations   | 5 |  5.2
Dodging        | |  1.7
Stealth        | |  1.7

Action                   |  1- 3 |  4- 6 || total
-------------------------+-------+-------++-------
Melee: Whip              |    12 |    30 ||    42
       Tailslap          |       |     2 ||     2
 Cast: Magic Dart        |    74 |    38 ||   112
       Dazzling Spray    |       |     6 ||     6
  Use: Potion            |       |     6 ||     6
       Scroll            |       |     4 ||     4
 Stab: Invisible         |       |     2 ||     2
  Eat: Chunk             |     1 |     3 ||     4
       Ration            |       |     1 ||     1
Armor: Skin              |     8 |    31 ||    39
Dodge: Dodged            |    19 |    72 ||    91

Table legend:
 A = Spawn XP
 B = Non-spawn XP
 C = Spawn XP percentage of total XP
 D = Spawn monster count
 E = Non-spawn monster count
 F = Spawn count percentage of total count
 G = Total turns spent on level
                    A         B        C        D         E        F      G
               +---------+---------+-------+---------+---------+-------+---------
         Total |       0 |     181 |   0.0 |       0 |      52 |   0.0 |  2274
               +---------+---------+-------+---------+---------+-------+---------
           D:1 |       0 |      49 |   0.0 |       0 |      25 |   0.0 |   902
           D:2 |       0 |      56 |   0.0 |       0 |      15 |   0.0 |   841
           D:3 |       0 |      46 |   0.0 |       0 |       6 |   0.0 |    99
         Sewer |       0 |      30 |   0.0 |       0 |       6 |   0.0 |   432
               +---------+---------+-------+---------+---------+-------+---------
